 Dungeon Crawl Stone Soup version 0.29-a0-397-g846e4a0bbc (webtiles) character file.

Game seed: 15509686009324137885

11705 deadleaves the Thaumaturge (level 11, 0/64 HPs)
             Began as a Deep Elf Fire Elementalist on May 11, 2022.
             Was an Elder of Vehumet.
             Killed from afar by a catoblepas (2 damage)
             ... with a blast of calcifying dust
             ... while petrified by a catoblepas
             ... on level 2 of the Lair of Beasts.
             The game lasted 01:11:55 (12960 turns).

deadleaves the Thaumaturge (DEFE)                  Turns: 12960, Time: 01:11:56

Health: 0/64       AC: 11    Str:  5    XL:     11   Next: 52%
Magic:  17/37      EV:  2    Int: 30    God:    Vehumet [****..]
Gold:   1364       SH:  0    Dex: 12    Spells: 7/32 levels left

rFire   . . .      SeeInvis .   m - +5 scimitar of Laceration {vorpal, Contam Fly rC+ Will+}
rCold   + + .      Faith    .   (no shield)
rNeg    + + +      Spirit   .   x - +3 leather armour of Wu Jian's Castigation {MP+9 Int+5 Dex-3}
rPois   ∞          Reflect  .   n - +0 helmet
rElec   .          Harm     .   (no cloak)
rCorr   .          Rampage  .   O - +0 pair of gloves
Will    ++...                   p - +1 pair of boots
Stlth   ++........              (no amulet)
HPRegen 0.20/turn               r - ring of positive energy
MPRegen 0.25/turn               y - ring of protection from cold

@: petrified, flying
A: no striking features
a: Renounce Religion


You were on level 2 of the Lair of Beasts.
You worshipped Vehumet.
Vehumet was greatly pleased with you.
You visited 3 branches of the dungeon, and saw 12 of its levels.
You also visited: Bailey.

You collected 1364 gold pieces.

Inventory:

Hand Weapons
 m - the +5 scimitar of Laceration (weapon) {vorpal, Contam Fly rC+ Will+}
   (You found it on level 7 of the Dungeon)

   It inflicts extra damage upon your enemies.
   rC:        It protects you from cold.
   Fly:       It grants you flight.
   Contam:    It causes magical contamination when unequipped.
   Will:      It increases your willpower.
Missiles
 N - 2 throwing nets
Armour
 n - a +0 helmet (worn)
 p - a +1 pair of boots (worn)
 s - the +18 shield of the Gong {rElec rN+ Will+ EV-5}
   (You found it on level 3 of the Dungeon)

   It is deafeningly noisy when blocking attacks.
   EV:        It affects your evasion (-5).
   rElec:     It insulates you from electricity.
   rN:        It protects you from negative energy.
   Will:      It increases your willpower.
 x - the +3 leather armour of Wu Jian's Castigation (worn) {MP+9 Int+5 Dex-3}
   (You found it on level 5 of the Dungeon)

   Int:       It affects your intelligence (+5).
   Dex:       It affects your dexterity (-3).
   MP:        It affects your magic capacity (+9).
 O - a +0 pair of gloves (worn)
Jewellery
 r - a ring of positive energy (left hand)
 y - a ring of protection from cold (right hand)
 K - a +6 ring of dexterity
Wands
 g - a wand of flame (35)
 h - a wand of acid (13)
 o - a wand of polymorph (14)
 D - a wand of digging (3)
 G - a wand of iceblast (7)
Scrolls
 d - a scroll of enchant weapon
 i - 7 scrolls of teleportation
 j - 3 scrolls of vulnerability
 l - 2 scrolls of summoning
 q - a scroll of fear
 w - a scroll of fog
 z - 2 scrolls of poison
 C - 4 scrolls of immolation {unknown}
 F - a scroll of enchant armour
 J - 2 scrolls of magic mapping {unknown}
 L - a scroll of blinking {unknown}
Potions
 a - 3 potions of might {unknown}
 b - 3 potions of magic
 c - 3 potions of heal wounds {unknown}
 e - 4 potions of lignification {unknown}
 f - a potion of attraction {unknown}
 t - 3 potions of curing {unknown}
 u - 5 potions of haste {unknown}
 v - 3 potions of ambrosia {unknown}
 A - 4 potions of mutation {unknown}
 E - 3 potions of degeneration {unknown}
 I - 3 potions of flight
 M - a potion of brilliance {unknown}
Miscellaneous
 k - a piece from Xom's chessboard (15/15)
 H - a tin of tremorstones (2/2)


   Skills:
 - Level 6.0 Fighting
 - Level 6.2 Armour
 - Level 3.0 Dodging
 - Level 2.4 Stealth
 - Level 11.0 Spellcasting
 - Level 5.3 Conjurations
 - Level 0.8 Summonings
 - Level 0.6 Transmutations
 - Level 6.4 Fire Magic
 + Level 6.2 Air Magic
 - Level 4.2 Poison Magic
 - Level 8.0 Evocations


You had 7 spell levels left.
You knew the following spells:

 Your Spells              Type           Power      Damage    Failure   Level
a - Foxfire               Conj/Fire      100%       2x1d9     1%          1
b - Scorch                Fire           100%       2d10      1%          2
c - Conjure Flame         Conj/Fire      51%        6-21      1%          3
d - Lightning Bolt        Conj/Air       25%        1d41      3%          5
e - Flame Wave            Conj/Fire      51%        2d10      1%          4
f - Mephitic Cloud        Conj/Pois/Air  48%        N/A       1%          3
g - Shock                 Conj/Air       100%       1d9       1%          1
h - Ignite Poison         Fire/Tmut/Pois 39%        N/A       1%          3
i - Swiftness             Air            52%        N/A       1%          3

Your spell library contained the following spells:

 Spells                   Type           Power      Damage    Failure   Level
 Yara's Violent Unravell  Hex/Tmut       9%         3d6       28%         5
 Freeze                   Ice            64%        1d8       1%          1
 Magic Dart               Conj           100%       1d8       1%          1
 Sting                    Tmut/Pois      100%       1d8       1%          1
 Poisonous Vapours        Pois/Air       96%        N/A       1%          2
 Static Discharge         Conj/Air       51%        N/A       1%          2
 Inner Flame              Hex/Fire       36%        N/A       1%          3
 Airstrike                Air            26%        N/A       1%          4
 Olgreb's Toxic Radiance  Pois           41%        N/A       2%          4
 Beastly Appendage        Tmut           40%        N/A       3%          1
 Call Imp                 Summ           21%        N/A       4%          2
 Frozen Ramparts          Ice            32%        1d5       4%          3
 Hailstorm                Conj/Ice       32%        3d8       4%          4
 Wereblood                Tmut           20%        N/A       5%          2
 Spider Form              Tmut/Pois      31%        N/A       5%          3
 Ensorcelled Hibernation  Hex/Ice        32%        N/A       7%          2
 Gell's Gravitas          Tloc           16%        N/A       14%         3
 Lesser Beckoning         Tloc           16%        N/A       14%         3
 Teleport Other           Tloc           16%        N/A       14%         3
 Anguish                  Hex/Necr       8%         N/A       43%         4
 Maxwell's Capacitive Co  Air            26%        ∞         99%         8


Dungeon Overview and Level Annotations

Branches:
Dungeon (9/15)             Temple (0/1) D:4            Lair (2/6) D:9
  Snake (0/4) Lair:2          Orc (1/2) D:9          Bailey (visited)
  Swamp: Lair:2-4    Shoals: Lair:2-4

Altars:
Ashenzari
Dithmenos
Elyvilon
Fedhas
Gozag
Kikubaaqudgha
Okawaru
Uskayaw
Vehumet
Xom
Zin
The Shining One
Beogh

Shops:
D:9 [

Annotations:
D:5 3 runed translucent doors, royokou's ghost, novice DECj
D:6 2 transporters, hquester's ghost, novice SpCj


Message History

Confirm with . or Enter, or press ? or * to list all spells.
Casting: Flame Wave (dangerous; 1% risk of failure)
Press: ? - help, Dir - look around, f - activate A wave of flame ripples out!
The flame wave engulfs the catoblepas but does no damage.
The catoblepas is heavily wounded. (Press . to intensify the flame waves.)
The catoblepas breathes a plume of calcifying dust at you.
The blast of calcifying dust hits you.
A wave of flame ripples out!
The flame wave engulfs the catoblepas.
The catoblepas is burned terribly!
The catoblepas is heavily wounded.
You are engulfed in calcifying dust.
You are slowing down.
You hear a bellow! x3
The catoblepas gores you!!
* * * LOW HITPOINT WARNING * * *
A wave of flame ripples out!
The flame wave engulfs the catoblepas.
The catoblepas is burned terribly!
The catoblepas is heavily wounded.
You are engulfed in calcifying dust.
Your limbs have turned to stone.
You hear a bellow! x2
The catoblepas breathes a plume of calcifying dust at you.
The blast of calcifying dust hits you.
* * * LOW HITPOINT WARNING * * *
You have turned to stone.
You are engulfed in calcifying dust.
The catoblepas gores you.
You are engulfed in calcifying dust.
The catoblepas breathes a plume of calcifying dust at you.
The blast of calcifying dust hits you but does no damage.
The catoblepas gores you but does no damage.
The catoblepas gores you.
* * * LOW HITPOINT WARNING * * *
The catoblepas gores you!
* * * LOW HITPOINT WARNING * * *
The catoblepas gores you.
* * * LOW HITPOINT WARNING * * *
The catoblepas breathes a plume of calcifying dust at you.
The blast of calcifying dust hits you.
You die...

...## ..<.#
.#..#########
#...##..P.#.# ###
............###.####
.............##....##
....................#
.......#....##.....###
.#..[..........Y@.§..#
.#...................#
...>.................#
........................
...........####.........
.P.........# ..........
#.....Y...## ##.#######
..........# ###
#..#......##


You could see a catoblepas (combustible).

Vanquished Creatures
  A hydra (Lair:1)
  A two-headed ogre (D:5)
  Pikel (D:8)
  An orc knight (Orc:1)
  A black mamba (Lair:2)
  A cane toad (Lair:1)
  A komodo dragon (Lair:1)
  A polar bear (Lair:1)
  A shadow (D:9)
  13 yaks
  A wyvern (D:7)
  5 steam dragons
  3 basilisks
  2 wargs (D:9)
  3 nagas (Lair:2)
  7 water moccasins
  11 orc warriors
  2 ice beasts
  2 black bears
  A phantom (D:6)
  A lemure (D:8)
  4 centaurs
  Blork the orc (D:4)
  A kobold brigand (D:6)
  4 bullfrogs
  3 gnoll sergeants
  2 necrophages
  3 scorpions
  9 killer bees
  2 hounds
  10 orc priests
  2 jellies
  3 iguanas
  7 orc wizards
  Robin (D:2)
  3 adders
  14 gnolls
  2 shadow imps
  A white imp (D:8)
  2 ufetubi
  45 orcs
  7 ball pythons
  8 endoplasms
  3 giant cockroaches
  16 goblins
  10 hobgoblins
  2 jackals (D:2)
  21 kobolds
  A quokka (D:1)
  7 bats
  A frilled lizard (D:3)
  A rat (D:3)
256 creatures vanquished.

Vanquished Creatures (collateral kills)
  A foxfire (Lair:1)
1 creature vanquished.

Vanquished Creatures (others)
  506 foxfires
  5 fungi
  3 plants
514 creatures vanquished.

Grand Total: 771 creatures vanquished

Notes
Turn   | Place    | Note
-------+----------+-------------------------------------------
     0 | D:1      | deadleaves the Deep Elf Fire Elementalist began the quest
                  | for the Orb.
     0 | D:1      | Reached XP level 1. HP: 10/10 MP: 6/6
   456 | D:1      | Reached XP level 2. HP: 15/15 MP: 5/8
   459 | D:1      | Learned a level 2 spell: Scorch
   911 | D:2      | Found a radiant altar of Vehumet.
   918 | D:2      | Became a worshipper of Vehumet
  1182 | D:2      | Reached XP level 3. HP: 19/19 MP: 3/10
  1263 | D:2      | Found a faded altar of an unknown god.
  1357 | D:2      | Learned a level 3 spell: Conjure Flame
  1360 | D:2      | Learned a level 2 spell: Call Imp
  1426 | D:2      | Noticed Robin
  1583 | D:2      | Killed Robin
  1746 | D:2      | Reached * piety under Vehumet
  1746 | D:2      | Offered knowledge of Freeze by Vehumet.
  1747 | D:2      | Reached skill level 4 in Spellcasting
  1747 | D:2      | Reached XP level 4. HP: 24/24 MP: 3/12
  2291 | D:3      | Found a broken altar of Ashenzari.
  2606 | D:3      | Found a shadowy altar of Dithmenos.
  2625 | D:3      | Found the +18 shield of the Gong {rElec rN+ Will+ EV-5}
  3153 | D:4      | Reached XP level 5. HP: 28/28 MP: 4/13
  3758 | D:4      | Found a staircase to the Ecumenical Temple.
  3864 | D:4      | Noticed Blork the orc
  3874 | D:4      | Killed Blork the orc
  3875 | D:4      | Reached skill level 5 in Spellcasting
  3884 | D:4      | Reached XP level 6. HP: 32/32 MP: 5/15
  4012 | D:4      | Learned a level 4 spell: Flame Wave
  4026 | D:4      | Found a white marble altar of Elyvilon.
  4049 | D:4      | Offered knowledge of Shock by Vehumet.
  4050 | D:4      | Reached skill level 5 in Fire Magic
  4126 | D:4      | Found an ancient bone altar of Kikubaaqudgha.
  4350 | D:5      | Entered Level 5 of the Dungeon
  4356 | D:5      | Identified the +4 short sword "Ykiumyta" {vorpal, rC+
                  | Int+5}
  4356 | D:5      | Identified the +2 leather armour of the Five Beasts {rPois
                  | Str+2 Dex-4}
  4358 | D:5      | Found a runed translucent gate.
  4358 | D:5      | Found a runed translucent gate.
  4358 | D:5      | Found a runed translucent gate.
  4358 | D:5      | Noticed royokou's ghost (novice DECj)
  4359 | D:5      | Noticed an orc warrior
  4363 | D:5      | Identified the +3 leather armour of Wu Jian's Castigation
                  | {MP+9 Int+5 Dex-3}
  4480 | D:5      | Reached skill level 1 in Armour
  4668 | D:5      | Reached ** piety under Vehumet
  4684 | D:5      | Found an iron altar of Okawaru.
  4688 | D:5      | Reached XP level 7. HP: 36/36 MP: 17/17
  4740 | D:5      | Found a blossoming altar of Fedhas.
  4949 | D:5      | Found a hide-covered altar of Uskayaw.
  4999 | D:5      | Noticed a two-headed ogre
  5026 | D:5      | Killed a two-headed ogre
  5027 | D:5      | Reached XP level 8. HP: 41/41 MP: 10/18
  5385 | D:5      | Found a shimmering altar of Xom.
  5504 | D:6      | Noticed hquester's ghost (novice SpCj)
  5509 | D:6      | Found a transporter.
  5559 | D:6      | Learned a level 3 spell: Mephitic Cloud
  5561 | D:6      | Learned a level 1 spell: Shock
  5600 | D:6      | Reached skill level 6 in Spellcasting
  5640 | D:6      | Reached skill level 1 in Air Magic
  5841 | D:6      | Found a glowing silver altar of Zin.
  5947 | D:6      | Reached skill level 5 in Conjurations
  5947 | D:6      | Reached XP level 9. HP: 45/45 MP: 21/21
  5979 | D:6      | Reached skill level 7 in Spellcasting
  6018 | D:6      | Found a transporter.
  6408 | D:6      | Offered knowledge of Ignite Poison by Vehumet.
  6416 | D:6      | Learned a level 3 spell: Ignite Poison
  6863 | D:7      | Found a glowing golden altar of the Shining One.
  6955 | D:7      | Reached skill level 1 in Evocations
  7498 | D:7      | Reached *** piety under Vehumet
  7623 | D:7      | Reached skill level 5 in Evocations
  7702 | D:7      | Identified the +5 scimitar of Laceration {vorpal, Contam
                  | Fly rC+ Will+}
  8082 | D:8      | Found a flagged portal.
  8137 | Bailey   | Entered a bailey
  8213 | Bailey   | Offered knowledge of Sticky Flame by Vehumet.
  9061 | D:8      | Reached **** piety under Vehumet
  9063 | D:8      | Reached skill level 1 in Fighting
  9063 | D:8      | Reached XP level 10. HP: 41/52 MP: 18/22
  9071 | D:8      | Offered knowledge of Yara's Violent Unravelling by Vehumet.
  9183 | D:8      | Noticed Pikel
  9193 | D:8      | Killed Pikel
  9948 | D:9      | Reached skill level 5 in Fighting
 10277 | D:9      | Found a staircase to the Lair.
 10300 | D:9      | Learned a level 3 spell: Swiftness
 10438 | D:9      | Reached skill level 1 in Poison Magic
 10866 | D:9      | Found a staircase to the Orcish Mines.
 10925 | D:9      | Found Seutar's Antique Armour Boutique.
 11155 | D:9      | Found an opulent altar of Gozag.
 11186 | Orc:1    | Entered Level 1 of the Orcish Mines
 11314 | Orc:1    | Noticed an orc knight
 11315 | Orc:1    | Noticed a +4 triple sword
 11332 | Orc:1    | Killed an orc knight
 11639 | Lair:1   | Entered Level 1 of the Lair of Beasts
 11671 | Lair:1   | Reached skill level 5 in Air Magic
 11671 | Lair:1   | Reached XP level 11. HP: 64/64 MP: 23/23
 11753 | Lair:1   | Reached skill level 8 in Spellcasting
 12037 | Lair:1   | Reached skill level 9 in Spellcasting
 12043 | Lair:1   | Reached skill level 10 in Spellcasting
 12186 | Lair:1   | Noticed a four-headed hydra
 12204 | Lair:1   | Killed a four-headed hydra
 12443 | Lair:1   | Learned a level 5 spell: Lightning Bolt
 12739 | Lair:2   | Reached skill level 11 in Spellcasting
 12863 | Lair:2   | Found a staircase to the Snake Pit.
 12913 | Lair:2   | Noticed a catoblepas
 12959 | Lair:2   | HP: 2/64 [catoblepas (3)]
 12960 | Lair:2   | Killed from afar by a catoblepas

Illustrated notes

Levels and vault maps discovered:
D:1:      amcnicky_arrival_feature_with_door, layout_loops_cross
D:2:      layout_basic, shapermc_ecumenical_altar_hornbeckon, basic_altar,
          uniq_robin
D:3:      layout_loops_cross, amcnicky_altar_gilded,
          nicolae_dithmenos_the_darkroom, nicolae_figureground_pulse
D:4:      nicolae_BIG_FREAKIN_CUBE, layout_loops_ring, marbit_many_paths,
          elyvilon_altar_3, uniq_blork_the_orc
D:5:      layout_rooms, fedhas_altar_2, kennysheep_mini_moat,
          okawaru_metal_pillars_3, mainiacjoe_overflow_concentric_impassable,
          serial_curves, eino_curves_01, eino_curves_03,
          biasface_ghost_orc_armoury
D:6:      layout_gridville, zin_scriptorium, gammafunk_ghost_stat_death,
          nrook_pool_corridor, minmay_misc_feat_plants
D:7:      layout_layer_cave, nicolae_tso_carved_into_rock
D:8:      layout_loops_cross, enter_bailey_5, uniq_pikel
D:9:      layout_big_octagon, lemuel_round_altar, erik_lair_orcish_takeover,
          orc_0_dummy, serial_column_ruins, column_ruins_circle_medium,
          column_ruins_corridor_T, column_ruins_columns_straight,
          column_ruins_open_small, serial_shops, kennysheep_mini
Lair:1:   layout_chaotic_city, grunt_megastairs_3
Lair:2:   layout_loops_ring, minmay_snake_entry_guardpost_small, basic_altar
Orc:1:    nicolae_orc_accident_3, layout_caves, basic_altar, sword_in_stone

Skill      XL: |  1  2  3  4  5  6  7  8  9 10 11 |
---------------+----------------------------------+-----
Spellcasting   | 4 5 6 7 11 | 11.0
Fire Magic     | 4 5 6 |  6.4
Dodging        | 3 |  3.0
Conjurations   | 2 3 5 |  5.3
Armour         | 3 6 |  6.2
Air Magic      | 2 5 6 |  6.2
Evocations     | 8 |  8.0
Fighting       | 1 6 |  6.0
Poison Magic   | 4 |  4.2
Stealth        | |  2.4
Summonings     | |  0.8
Transmutations | |  0.6

Action                   |  1- 3 |  4- 6 |  7- 9 | 10-12 || total
-------------------------+-------+-------+-------+-------++-------
Melee: Unarmed           |     3 |       |       |       ||     3
       Dagger            |     1 |     2 |       |       ||     3
       Scimitar          |       |       |     1 |     6 ||     7
Throw: Javelin           |     3 |       |       |     5 ||     8
 Cast: Foxfire           |    44 |    51 |   126 |    81 ||   302
       Scorch            |    12 |    22 |    70 |    99 ||   203
       Conjure Flame     |     3 |     7 |     6 |    17 ||    33
       Mephitic Cloud    |       |       |     7 |    12 ||    19
       Flame Wave        |       |       |     2 |    10 ||    12
       Ignite Poison     |       |       |     2 |     5 ||     7
       Call Imp          |       |       |       |     2 ||     2
  Use: Scroll            |       |     4 |     4 |     4 ||    12
 Stab: Confused          |       |       |       |     1 ||     1
Armor: Robe              |     1 |       |       |       ||     1
       Leather armour    |       |     2 |     7 |    24 ||    33
Dodge: Dodged            |     6 |     3 |    14 |    29 ||    52

Table legend: (Time is in decaauts)
 A = Elapsed time spent in this place.
 B = Non-inter-level travel time spent in this place.
 C = Inter-level travel time spent in this place.
 D = Time resting spent in this place.
 E = Time spent auto-exploring this place.
 F = Levels seen in this place.
 G = Mean time per level.
                   A        B        C        D        E       F      G
               +--------+--------+--------+--------+--------+-----+--------+
         Total |  12974 |  12618 |    356 |   2888 |   6639 |  13 |  998.0 |
       Dungeon |  10646 |  10318 |    328 |   2219 |   5986 |   9 | 1182.9 |
          Lair |   1321 |   1293 |     28 |    339 |    630 |   2 |  660.5 |
  Orcish Mines |    402 |    402 |      0 |    146 |      0 |   1 |  402.0 |
        Bailey |    603 |    603 |      0 |    184 |     23 |   1 |  603.0 |
               +--------+--------+--------+--------+--------+-----+--------+

Top non-repeatable levels by time:
     D:8: 1434 daAuts
     D:2: 1396 daAuts
     D:7: 1364 daAuts
     D:4: 1266 daAuts
     D:6: 1222 daAuts
     D:5: 1138 daAuts
     D:9: 1125 daAuts
  Lair:1: 1059 daAuts
     D:1: 903 daAuts
     D:3: 794 daAuts
  Bailey: 603 daAuts
   Orc:1: 402 daAuts
  Lair:2: 262 daAuts
